 Dungeon Crawl Stone Soup version 0.28-a0-863-g8cecda6153 (webtiles) character file.

Game seed: 854102192746107593

260 ragingrage the Poker (level 6, 0/48 HPs)
             Began as a Merfolk Artificer on Nov 16, 2021.
             Slain by a wyvern zombie (2 damage)
             ... on level 5 of the Dungeon on Nov 18, 2021.
             The game lasted 00:08:30 (5493 turns).

ragingrage the Poker (Merfolk Artificer)            Turns: 5493, Time: 00:08:30

Health: 0/48       AC:  4    Str: 15    XL:     6   Next: 17%
Magic:  6/6        EV: 12    Int: 10    God:
Gold:   182        SH:  0    Dex: 14    Spells: 5/5 levels left

rFire   + . .      SeeInvis .   o - +1 dagger (venom)
rCold   + + .      Faith    .   (no shield)
rNeg    . . .      Spirit   .   i - +0 leather armour {rC+}
rPois   +          Reflect  .   (no helmet)
rElec   +          Harm     .   j - +0 cloak
rCorr   +          Rampage  .   (no gloves)
Will    .....                   (no boots)
Stlth   +.........              g - amulet of magic regeneration
HPRegen 0.16/turn               (no ring)
MPRegen 0.35/turn               (no ring)

@: resistant, invisible
A: (nimble swimmer 2), mertail
a: no special abilities


You were on level 5 of the Dungeon.
You visited 1 branch of the dungeon, and saw 5 of its levels.

You collected 182 gold pieces.

Inventory:

Hand Weapons
 a - a +0 spear
 o - a +1 dagger of venom (weapon)
Missiles
 f - 4 poisoned darts
Armour
 i - a +0 leather armour of cold resistance (worn)
 j - a +0 cloak (worn)
Jewellery
 g - an amulet of magic regeneration (around neck)
Wands
 c - a wand of flame (15) (quivered)
 d - a wand of charming (11)
Scrolls
 b - 2 scrolls of magic mapping {unknown}
 l - 3 scrolls of immolation {unknown}
 m - a scroll of enchant armour {unknown}
 q - 2 scrolls of identify
Potions
 h - 2 potions of brilliance
 p - a potion of degeneration {unknown}
Miscellaneous
 e - a piece from Xom's chessboard (13/15)


   Skills:
 - Level 4.1 Fighting
 * Level 6.4 Polearms
 - Level 0.6 Armour
 - Level 2.6 Dodging
 - Level 1.1 Stealth
 - Level 3.0 Evocations


You had 5 spell levels left.
You didn't know any spells.
Your spell library contained the following spells:

 Spells                   Type           Power      Damage    Failure   Level
 Sandblast                Erth           0%         2d4       43%         1
 Passwall                 Tmut/Erth      0%         N/A       56%         2
 Stone Arrow              Conj/Erth      0%         3d7       80%         3


Dungeon Overview and Level Annotations

Branches:
Dungeon (5/15)
 Temple: D:4-7

Altars:
Hepliaklqana
Makhleb
Sif Muna

Shops:
D:3 [

Annotations:
D:4 Robin


Innate Abilities, Weirdness & Mutations

((You are quick and stealthy near water. (Stealth+, EV+, Speed+++)))
Your lower body shifts to a powerful aquatic tail in water.


Message History

An orc comes into view. It is wielding a +0 short sword.
Aiming: Charm
Press: ? - help, Shift-Dir - straight line, f - orc wizard
Aim: an orc wizard, wielding a +0 dagger and wearing a +0 robe (chance to affect: 54%)
The orc wizard is charmed.
The orc hits you but does no damage.
The orc hits your orc wizard with a +0 mace!
You hit the orc.
You kill the orc!
The orc hits your orc wizard but does no damage.
Your orc wizard hits the orc with a +0 dagger.
Your orc wizard hits the orc with a +0 dagger.
You hit the orc.
The orc is heavily wounded.
The orc hits you with a +0 mace.
Your orc wizard barely misses the orc.
Unknown command.
You hit the orc.
The orc is poisoned.
The orc is severely wounded.
You kill the orc!
Unknown command.
Unknown command.
Unknown command.
You closely miss the orc. The wyvern zombie bites you!
* * * LOW HITPOINT WARNING * * *
The orc hits you with a +0 short sword.
* * * LOW HITPOINT WARNING * * *
Your orc wizard points at the orc and mumbles some strange words.
The magic dart hits the orc!
The orc dies!
Unknown command.
Okay, then.
It was a potion of resistance.
You feel protected. The wyvern zombie bites you.
* * * LOW HITPOINT WARNING * * *
The orc barely misses you.
Unknown command.
It was a potion of invisibility.
You fade into invisibility!
The wyvern zombie bites you.
You die...

. # ###
..#.###.##
......ZZ@#
.....o.o##
...#.#.o#
.. #.## #
..# ....
....##
Z... ..#


You could see 2 orcs, a wyvern zombie, a water moccasin skeleton and a friendly
orc wizard (charmed).

Vanquished Creatures
  A scorpion (D:3)
  2 hounds
  3 adders
  A worm (D:2)
  3 dart slugs
  5 orcs
  8 bats
  5 endoplasms
  3 giant cockroaches
  13 hobgoblins
  3 jackals (D:1)
  3 quokkas (D:1)
  8 ball pythons
  4 frilled lizards
  18 goblins
  8 kobolds
  2 rats
90 creatures vanquished.

Vanquished Creatures (collateral kills)
  An orc (D:5)
  An endoplasm (D:3)
  A kobold (D:1)
3 creatures vanquished.

Vanquished Creatures (others)
  9 plants
9 creatures vanquished.

Grand Total: 102 creatures vanquished

Notes
Turn   | Place    | Note
-------+----------+-------------------------------------------
     0 | D:1      | ragingrage the Merfolk Artificer began the quest for the
                  | Orb.
     0 | D:1      | Reached XP level 1. HP: 15/15 MP: 1/1
     2 | D:1      | You fall into a shaft and drop 1 floor!
   185 | D:2      | You fall into a shaft and drop 2 floors!
   186 | D:4      | Found a burning altar of Makhleb.
   186 | D:4      | Noticed a blizzard demon
   188 | D:4      | Noticed a scorpion
   192 | D:4      | Noticed a hellwing
   192 | D:4      | Noticed a ynoxinul
   209 | D:4      | Found a shimmering blue altar of Sif Muna.
   393 | D:3      | Found a hazy altar of Hepliaklqana.
   618 | D:3      | Found Yhet's Antique Armour Shop.
   618 | D:3      | Noticed a hound
   708 | D:3      | Reached XP level 2. HP: 21/22 MP: 2/2
   779 | D:3      | Found a faded altar of an unknown god.
  1406 | D:3      | Reached XP level 3. HP: 26/29 MP: 3/3
  1936 | D:1      | HP: 1/30 [hobgoblin (4)]
  1949 | D:1      | HP: 1/30 [dart slug/slug dart (1)]
  2597 | D:1      | Reached XP level 4. HP: 32/37 MP: 4/4
  2933 | D:2      | Reached skill level 1 in Polearms
  3286 | D:2      | Reached skill level 2 in Polearms
  3715 | D:2      | Reached skill level 3 in Polearms
  4063 | D:3      | Reached skill level 4 in Polearms
  4063 | D:3      | Reached XP level 5. HP: 28/42 MP: 5/5
  4353 | D:3      | Reached skill level 5 in Polearms
  4522 | D:4      | Noticed Robin
  4959 | D:4      | Reached skill level 6 in Polearms
  4959 | D:4      | Reached XP level 6. HP: 37/48 MP: 6/6
  5461 | D:4      | Noticed an orc warrior
  5482 | D:5      | Entered Level 5 of the Dungeon
  5492 | D:5      | HP: 1/48 [wyvern zombie (5)]
  5493 | D:5      | Slain by a wyvern zombie

Illustrated notes

Levels and vault maps discovered:
D:1:      minmay_arrival_open_corners, layout_basic, serial_forest,
          infiniplex_forest_split, infiniplex_forest_clump_tiny,
          infiniplex_forest_clump_small, infiniplex_forest_lined_room_2,
          infiniplex_forest_corner_2, infiniplex_forest_straight_1
D:2:      kennysheep_the_goblin_king, layout_rooms
D:3:      layout_basic, amcnicky_altar_gilded, serial_shops,
          nicolae_square_shop, ebering_ecumenical_altar_petrified,
          minmay_liquid_box
D:4:      corexii_shantytown, layout_loops_ring, makhleb_altar_promises_db,
          lemuel_crystal_altar, uniq_robin
D:5:      layout_cave_pools

Skill      XL: |  1  2  3  4  5 |
---------------+----------------+-----
Fighting       | 2 3 4 |  4.1
Polearms       | 4 6 |  6.4
Armour         | |  0.6
Dodging        | |  2.6
Stealth        | |  1.1
Evocations     | |  3.0

Action                   |  1- 3 |  4- 6 || total
-------------------------+-------+-------++-------
Melee: Club              |   189 |     8 ||   197
       Dagger            |       |   144 ||   144
       Spear             |       |    13 ||    13
Evoke: Wand              |     3 |     1 ||     4
       Piece from Xom's  |       |     2 ||     2
  Use: Scroll            |     1 |       ||     1
       Potion            |       |     2 ||     2
 Stab: Sleeping          |     4 |     1 ||     5
       Betrayed ally     |     1 |       ||     1
Armor: Leather armour    |    70 |    36 ||   106
Dodge: Dodged            |   202 |   114 ||   316

Table legend: (Time is in decaauts)
 A = Elapsed time spent in this place.
 B = Non-inter-level travel time spent in this place.
 C = Inter-level travel time spent in this place.
 D = Time resting spent in this place.
 E = Time spent auto-exploring this place.
 F = Levels seen in this place.
 G = Mean time per level.
                   A        B        C        D        E       F      G
               +--------+--------+--------+--------+--------+-----+--------+
         Total |   5559 |   5136 |    423 |   1730 |   2349 |   5 | 1111.8 |
       Dungeon |   5559 |   5136 |    423 |   1730 |   2349 |   5 | 1111.8 |
               +--------+--------+--------+--------+--------+-----+--------+

Top non-repeatable levels by time:
     D:3: 2493 daAuts
     D:1: 1508 daAuts
     D:2: 1018 daAuts
     D:4: 528 daAuts
     D:5: 10 daAuts
